 Dungeon Crawl Stone Soup version 0.29-a0-664-gff9cad4a3d (webtiles) character file.

Game seed: 15460297970771151961

914 ptdevnull the Purveyor of Pain (level 7, 0/46 HPs)
             Began as a Mummy Necromancer on June 23, 2022.
             Was an Initiate of Kikubaaqudgha.
             Slain by an ufetubus (3 damage)
             ... on level 6 of the Dungeon.
             The game lasted 00:16:21 (5708 turns).

ptdevnull the Purveyor of Pain (Mummy Necromancer)  Turns: 5708, Time: 00:16:22

Health: 0/46       AC:  7    Str: 11    XL:     7   Next: 82%
Magic:  3/17       EV: 12    Int: 17    God:    Kikubaaqudgha [......]
Gold:   267        SH:  0    Dex: 12    Spells: 7/20 levels left

rFire   . . .      SeeInvis .   i - +0 dagger (venom)
rCold   + . .      Faith    .   (no shield)
rNeg    + + +      Spirit   .   a - +0 robe
rPois   ∞          Reflect  .   o - +0 helmet
rElec   .          Harm     .   k - +2 cloak
rCorr   .          Rampage  .   (no gloves)
Will    .....                   g - +0 pair of boots
Stlth   ++........              (no amulet)
HPRegen 0.15/turn               f - ring of protection from fire
MPRegen 0.15/turn               q - ring of wizardry

@: no status effects
A: cold resistance 1, negative energy resistance 3, torment resistance 2, heat
vulnerability 1, in touch with death 1, no potions
a: Renounce Religion


You were on level 6 of the Dungeon.
You worshipped Kikubaaqudgha.
Kikubaaqudgha was noncommittal.
You visited 1 branch of the dungeon, and saw 6 of its levels.
You also visited: Sewer.

You collected 267 gold pieces.

Inventory:

Hand Weapons
 b - a +0 spectral whip
 i - a +0 dagger of venom (weapon)
 n - a +0 dagger of speed
Missiles
 m - 2 throwing nets
Armour
 a - a +0 robe (worn)
 g - a +0 pair of boots (worn)
 k - a +2 cloak (worn)
 o - a +0 helmet (worn)
Jewellery
 f - a ring of protection from fire (left hand)
 q - a ring of wizardry (right hand)
Scrolls
 c - a scroll of teleportation
 d - 2 scrolls of immolation
 e - a scroll of enchant weapon {unknown}
 h - a scroll of amnesia
 j - 3 scrolls of identify
 l - a scroll of brand weapon
 p - a scroll of torment {unknown}


   Skills:
 - Level 1.7 Dodging
 - Level 1.8 Stealth
 - Level 7.0 Spellcasting
 + Level 8.1 Necromancy


You had 7 spell levels left.
You knew the following spells:

 Your Spells              Type           Power      Damage    Failure   Level
a - Necrotize             Necr           100%       1d9       1%          1
b - Vampiric Draining     Necr           50%        2d9       1%          3
c - Animate Dead          Necr           50%        N/A       1%          4
d - Agony                 Necr           50%        N/A       4%          5

Your spell library contained the following spells:

 Spells                   Type           Power      Damage    Failure   Level
 Tukima's Dance           Hex            5%         N/A       14%         3
 Passage of Golubria      Tloc           5%         N/A       41%         4
 Yara's Violent Unravell  Hex/Tmut       2%         3d3       75%         5


Dungeon Overview and Level Annotations

Branches:
Dungeon (6/15)             Temple (0/1) D:4           Sewer (visited)

Altars:
Cheibriados
Kikubaaqudgha
Uskayaw
Xom

Annotations:
D:3 3 runed translucent doors, DocClef's ghost, amateur VSFi; Gus979's ghost, amateur DsNe; omnomnOMINOUS's ghost, amateur OpWn; sammy202020's ghost, weakling DsBe
D:4 1 runed translucent door, Newt's ghost, amateur DsAK
D:5 Grinder


Innate Abilities, Weirdness & Mutations

You are immune to poison.
Your flesh is cold resistant. (rC+)
You are immune to negative energy. (rN+++)
You are immune to unholy pain and torment.
You are vulnerable to heat. (rF-)
You are in touch with the powers of death.
You do not drink.


Message History

You hit the orc.
The orc is poisoned.
The orc is heavily wounded.
The ufetubus barely misses you. x2; The orc hits you with a +0 whip.
* * * LOW HITPOINT WARNING * * *
Your orc wizard skeleton closely misses the ufetubus.
Unknown command.
Casting: Necrotize (safe; 1% risk of failure)
Confirm with . or Enter, or press ? or * to list all spells.
Okay, then.
You can't drink.
Your orc skeleton closely misses the orc.
The ufetubus barely misses you.
The ufetubus hits you but does no damage.
The orc attacks as you move away! The orc hits you but does no damage.
The ufetubus attacks as you move away! The ufetubus hits you.
* * * LOW HITPOINT WARNING * * *
The ufetubus closely misses you.
Your orc skeleton misses the orc.
The ufetubus closely misses you.
The ufetubus hits you but does no damage.
The orc attacks as you move away! The orc hits you but does no damage.
The orc attacks as you move away! The orc closely misses you.
The ufetubus barely misses you. The ufetubus closely misses you.
The orc attacks as you move away! The orc hits you with a +0 whip.
* * * LOW HITPOINT WARNING * * *
The ufetubus attacks as you move away!
The ufetubus hits you but does no damage. x3
The ufetubus misses you.
You hit the orc but do no damage.
The orc looks even sicker.
The orc is severely wounded.
You kill the orc!
Kikubaaqudgha accepts your kill.
The ufetubus hits you but does no damage.
The ufetubus barely misses you.
You miss the ufetubus.
The ufetubus is lightly wounded.
Your orc wizard skeleton crumbles into dust!
The ufetubus closely misses you. The ufetubus misses you.
The ufetubus hits you.
You die...
Kikubaaqudgha rasps: "You have failed me!
Welcome... oblivion!"

#..........#
#..).......#
#..........+
#...########
#...#
####.Z.#
#......#
#...)5.#
#....@.#
#......######
#...........#
#.......<...#
#...........#
###....######
#....# #....#
#....#


You could see an ufetubus (ally target) and a friendly orc skeleton.

Vanquished Creatures
  A water moccasin (Sewer)
  A black bear (D:5)
  An ice beast (D:5)
  An ogre (D:5)
  A scorpion (D:5)
  A jelly (D:6)
  4 hounds
  An orc priest (D:4)
  2 iguanas
  An orc wizard (D:6)
  5 adders
  An ufetubus (D:4)
  A worm (D:3)
  4 dart slugs
  4 orcs
  5 ball pythons
  6 endoplasms
  7 giant cockroaches
  10 goblins
  6 hobgoblins
  7 jackals
  5 quokkas
  8 bats
  7 frilled lizards
  6 kobolds
  9 rats
105 creatures vanquished.

Vanquished Creatures (collateral kills)
  A necrophage (D:4)
  A dart slug (D:4)
  2 endoplasms (D:2)
  A ball python (D:4)
  A kobold (D:4)
6 creatures vanquished.

Vanquished Creatures (others)
  An adder zombie (D:4)
  A ball python zombie (D:4)
  A kobold zombie (D:4)
3 creatures vanquished.

Grand Total: 114 creatures vanquished

Notes
Turn   | Place    | Note
-------+----------+-------------------------------------------
     0 | D:1      | ptdevnull the Mummy Necromancer began the quest for the
                  | Orb.
     0 | D:1      | Reached XP level 1. HP: 13/13 MP: 4/4
   331 | D:1      | Reached XP level 2. HP: 19/19 MP: 2/5
  1311 | D:2      | Gained mutation: You are in touch with the powers of death.
                  | [Mummy growth]
  1311 | D:2      | Reached XP level 3. HP: 24/24 MP: 4/7
  1740 | D:2      | Reached XP level 4. HP: 30/30 MP: 5/10
  2050 | D:3      | Learned a level 3 spell: Vampiric Draining
  2055 | D:3      | Learned a level 4 spell: Animate Dead
  2316 | D:3      | Found a runed translucent gate.
  2317 | D:3      | Found a runed translucent gate.
  2317 | D:3      | Found a runed translucent gate.
  2318 | D:3      | Noticed sammy202020's ghost (weakling DsBe)
  2318 | D:3      | Noticed DocClef's ghost (amateur VSFi)
  2319 | D:3      | Noticed Gus979's ghost (amateur DsNe)
  2319 | D:3      | Noticed omnomnOMINOUS's ghost (amateur OpWn)
  2387 | D:3      | Found a shimmering altar of Xom.
  2438 | D:3      | Found a snail-covered altar of Cheibriados.
  2478 | D:3      | Found an ancient bone altar of Kikubaaqudgha.
  2486 | D:3      | Became a worshipper of Kikubaaqudgha
  2760 | D:3      | Found a faded altar of an unknown god.
  2773 | D:3      | Reached skill level 5 in Necromancy
  3343 | D:4      | Noticed a necrophage
  3424 | D:4      | Found a staircase to the Ecumenical Temple.
  3480 | D:4      | Found a glowing drain.
  3489 | Sewer    | Entered a sewer
  3563 | Sewer    | Noticed a water moccasin
  3571 | Sewer    | Killed a water moccasin
  3572 | Sewer    | Reached skill level 5 in Spellcasting
  3572 | Sewer    | Reached XP level 5. HP: 21/35 MP: 3/12
  3844 | D:4      | Reached XP level 6. HP: 26/41 MP: 1/14
  4161 | D:4      | Reached skill level 6 in Necromancy
  4173 | D:4      | Found a hide-covered altar of Uskayaw.
  4247 | D:4      | Found a runed translucent door.
  4253 | D:4      | Noticed Newt's ghost (amateur DsAK)
  4770 | D:5      | Entered Level 5 of the Dungeon
  4802 | D:5      | Noticed Grinder
  4895 | D:5      | Noticed an ice beast
  5005 | D:5      | Reached XP level 7. HP: 46/46 MP: 14/17
  5345 | D:5      | Learned a level 5 spell: Agony
  5377 | D:5      | Reached skill level 7 in Necromancy
  5640 | D:5      | Paralysed by Grinder for 2 turns
  5665 | D:6      | Reached skill level 8 in Necromancy
  5708 | D:6      | Slain by an ufetubus

Illustrated notes

Levels and vault maps discovered:
D:1:      lordsloth_arrival_two_stooges, layout_basic, minmay_heptomino_w4
D:2:      layout_basic, minmay_worlds_worst_comb
D:3:      layout_loops_corners, kiku_gazebo_garden_becter,
          mainiacjoe_overflow_two_lobes, gammafunk_ghost_cemetery,
          dreamdust_ecumenical_altar_grove
D:4:      minmay_chambers_of_fours, layout_loops_ring,
          nicolae_uskayaw_murder_on_the_dancefloor, temple_pool_b,
          portal_sewer_entry_f, ebering_ghost_sewer_d,
          minmay_fractal_squares_diagonal_5
D:5:      layout_rooms, lemuel_coloured_pillars_altar, uniq_grinder
D:6:      layout_gridville, grunt_temple_overflow_bloody_war,
          hangedman_decor_riveting

Skill      XL: |  1  2  3  4  5  6  7 |
---------------+----------------------+-----
Spellcasting   | 3 4 5 6 7 |  7.0
Necromancy     | 5 6 8 |  8.1
Dodging        | |  1.7
Stealth        | |  1.8

Action                   |  1- 3 |  4- 6 |  7- 9 || total
-------------------------+-------+-------+-------++-------
Melee: Whip              |    23 |       |       ||    23
       Dagger            |     8 |    14 |    60 ||    82
 Cast: Necrotize         |    73 |    96 |    40 ||   209
       Animate Dead      |       |     1 |       ||     1
       Vampiric Draining |       |     2 |     3 ||     5
  Use: Scroll            |       |     7 |       ||     7
 Stab: Sleeping          |     3 |       |       ||     3
Armor: Robe              |     6 |    22 |    51 ||    79
Dodge: Dodged            |    31 |    30 |   108 ||   169

Table legend: (Time is in decaauts)
 A = Elapsed time spent in this place.
 B = Non-inter-level travel time spent in this place.
 C = Inter-level travel time spent in this place.
 D = Time resting spent in this place.
 E = Time spent auto-exploring this place.
 F = Levels seen in this place.
 G = Mean time per level.
                   A        B        C        D        E       F      G
               +--------+--------+--------+--------+--------+-----+--------+
         Total |   5706 |   5348 |    358 |    556 |   3781 |   7 |  815.1 |
       Dungeon |   5426 |   5068 |    358 |    556 |   3539 |   6 |  904.3 |
         Sewer |    280 |    280 |      0 |      0 |    242 |   1 |  280.0 |
               +--------+--------+--------+--------+--------+-----+--------+

Top non-repeatable levels by time:
     D:4: 1444 daAuts
     D:1: 1308 daAuts
     D:3: 1190 daAuts
     D:2: 737 daAuts
     D:5: 686 daAuts
   Sewer: 280 daAuts
     D:6: 59 daAuts
